 Dungeon Crawl Stone Soup version 0.28.0-49-g6dfe1f597d (webtiles) character file.

Game seed: 6142024248233200874

599 greasedhog the Blocker (level 7, -1/52 HPs)
             Began as a Formicid Fighter on May 14, 2022.
             Was a Follower of Qazlal.
             Slain by an ufetubus (4 damage)
             ... on level 5 of the Dungeon.
             The game lasted 00:10:20 (4198 turns).

greasedhog the Blocker (Formicid Fighter)           Turns: 4198, Time: 00:10:20

Health: -1/52      AC:  8    Str: 22    XL:     7   Next: 68%
Magic:  7/7        EV: 10    Int:  8    God:    Qazlal [*.....]
Gold:   134        SH:  7    Dex: 10    Spells: 6/6 levels left

rFire   . . .      SeeInvis +   h - +0 dagger (flame)
rCold   + . .      Faith    .   c - +0 buckler
rNeg    . . .      Spirit   .   l - +0 ring mail {rC+}
rPois   .          Reflect  .   (helmet unavailable)
rElec   .          Harm     .   g - +0 cloak
rCorr   .          Rampage  .   (no gloves)
Will    .....                   i - +0 pair of boots
Stlth   ..........              (no amulet)
HPRegen 0.17/turn               (no ring)
MPRegen 0.10/turn               (no ring)

@: no status effects
A: permanent stasis, dig shafts and tunnels, antennae 3, four strong arms, low
MP 1, passive freeze
a: Dig, Shaft Self, Renounce Religion


You were on level 5 of the Dungeon.
You worshipped Qazlal.
Qazlal was aware of your devotion.
You visited 1 branch of the dungeon, and saw 5 of its levels.
You also visited: Sewer.

You collected 189 gold pieces.
You spent 55 gold pieces at shops.

Inventory:

Hand Weapons
 a - a +0 rapier
 h - a +0 dagger of flaming (weapon)
Armour
 c - a +0 buckler (worn)
 g - a +0 cloak (worn)
 i - a +0 pair of boots (worn)
 l - a +0 ring mail of cold resistance (worn)
Jewellery
 k - an amulet of guardian spirit
Wands
 f - a wand of iceblast (5)
Potions
 b - a potion of magic
 d - 4 potions of might
 e - a potion of degeneration {unknown}
 m - a potion of lignification


   Skills:
 - Level 3.2 Fighting
 - Level 2.0(3.0) Short Blades
 * Level 3.5(3.8) Long Blades
 + Level 0.2 Throwing
 - Level 3.2 Armour
 - Level 8.3 Shields
 + Level 0.1 Poison Magic
 * Level 2.1 Invocations


You had 6 spell levels left.
You didn't know any spells.
Your spell library contained the following spells:

 Spells                   Type           Power      Damage    Failure   Level
 Animate Skeleton         Necr           0%         N/A       63%         1
 Pain                     Necr           0%         1d4       63%         1
 Vampiric Draining        Necr           0%         2d6       94%         3


Dungeon Overview and Level Annotations

Branches:
Dungeon (4/15)             Temple (0/1) D:4           Sewer (visited)

Altars:
Ashenzari
Cheibriados
Qazlal
Xom
The Shining One

Shops:
D:1 :   D:4 [*


Innate Abilities, Weirdness & Mutations

You cannot be hasted, slowed, berserked, paralysed or teleported.
You can dig through walls and to a lower floor.
You have a pair of large antennae on your head. (SInv)
Your four strong arms can wield two-handed weapons with a shield.
Your magical capacity is low. (-10% MP)
A frigid envelope surrounds you and freezes all who hurt you.


Message History

* * * LOW HITPOINT WARNING * * *
The adder is very cold.
The adder is severely wounded.
A shaft appears beneath you!
You fall into a shaft and drop 1 floor!
The shaft crumbles and collapses.
The black bear growls angrily.
Found a dagger.
Aiming: Iceblast
Press: ? - help, Q - select action, (/) - cycle Shift-Dir - straight line, f - black bear
Aim: a black bear The mass of ice explodes!
The iceblast engulfs the black bear!
The black bear is moderately wounded.
You hear a shout!
Aiming: Iceblast
Press: ? - help, Q - select action, (/) - cycle Shift-Dir - straight line, f/p - black bear
Aim: a black bear (moderately wounded)
The mass of ice explodes!
The iceblast engulfs the black bear!
The black bear is severely wounded.
You hear a shout!
You hit the black bear. You burn the black bear.
The black bear is almost dead.
You hit the black bear. You burn the black bear.
You kill the black bear!
Qazlal accepts your kill.
Your Invocations skill increases to level 2!
You see here a +0 dagger.
Found 27 gold pieces.
Found a scroll labelled PEVVUY MO JYQ.
An ufetubus comes into view.
An ufetubus is nearby!
An ufetubus is nearby!
You block the ufetubus's attack. The ufetubus hits you.
* * * LOW HITPOINT WARNING * * *
The ufetubus resists.
The ufetubus is very cold.
The ufetubus is heavily wounded.
You hit the ufetubus but do no damage.
The ufetubus is heavily wounded.
The ufetubus hits you.
You die...

...# # #..#
.##..# .#..#
###...# .....
#..# #.# { #@#
#. #5# .. #.#
#.{ #.# #..
##.#
###..##..##
....$.....####
.....5.......#
........#.##.#


You could see an ufetubus.

Vanquished Creatures
  A water moccasin (Sewer)
  2 black bears
  An orc priest (D:4)
  Crazy Yiuf (D:2)
  A hound (D:4)
  A centaur skeleton (D:4)
  2 gnolls (D:1)
  4 adders
  An ufetubus (D:4)
  4 worms
  3 dart slugs
  9 orcs
  9 ball pythons
  4 bats
  9 endoplasms
  5 giant cockroaches
  12 goblins
  9 hobgoblins
  7 jackals
  7 quokkas
  2 frilled lizards (D:2)
  5 kobolds
  10 rats
109 creatures vanquished.

Vanquished Creatures (others)
  2 fungi (D:2)
2 creatures vanquished.

Grand Total: 111 creatures vanquished

Notes
Turn   | Place    | Note
-------+----------+-------------------------------------------
     0 | D:1      | greasedhog the Formicid Fighter began the quest for the
                  | Orb.
     0 | D:1      | Reached XP level 1. HP: 18/18 MP: 1/1
    75 | D:1      | Reached skill level 4 in Shields
    75 | D:1      | Reached XP level 2. HP: 23/24 MP: 2/2
   280 | D:1      | Found Nocvimigit's Book Boutique.
   343 | D:1      | Reached skill level 1 in Long Blades
   411 | D:1      | Reached XP level 3. HP: 29/29 MP: 3/3
   658 | D:1      | Reached skill level 5 in Shields
  1012 | D:2      | Reached XP level 4. HP: 32/35 MP: 4/4
  1113 | D:2      | Gained mutation: Your magical capacity is low. (-10% MP)
                  | [potion of mutation]
  1113 | D:2      | Gained mutation: A frigid envelope surrounds you and
                  | freezes all who hurt you. [potion of mutation]
  1904 | D:2      | Reached XP level 5. HP: 37/41 MP: 4/4
  2059 | D:2      | Found a runed translucent door.
  2060 | D:2      | Noticed Crazy Yiuf
  2067 | D:2      | Killed Crazy Yiuf
  2068 | D:2      | Reached skill level 6 in Shields
  2071 | D:2      | Identified the +9 mace of Ysuamuri {vorpal, rElec rF+ rN+
                  | Int+2 Dex+4 SInv}
  2306 | D:3      | Found a glowing golden altar of the Shining One.
  2306 | D:3      | Found a stormy altar of Qazlal.
  2403 | D:3      | Found a shimmering altar of Xom.
  2403 | D:3      | Found a snail-covered altar of Cheibriados.
  2403 | D:3      | Found a broken altar of Ashenzari.
  2411 | D:3      | Became a worshipper of Qazlal Stormbringer
  3556 | D:4      | Found Sulaa's General Store.
  3560 | D:4      | Noticed a black bear
  3622 | D:4      | Reached XP level 6. HP: 42/45 MP: 5/5
  3626 | D:4      | Reached skill level 7 in Shields
  3652 | D:4      | Found a staircase to the Ecumenical Temple.
  3753 | D:4      | Killed a black bear
  3787 | D:4      | Found a glowing drain.
  3824 | Sewer    | Entered a sewer
  3927 | Sewer    | Reached * piety under Qazlal
  3978 | Sewer    | Noticed a water moccasin
  3984 | Sewer    | Killed a water moccasin
  3985 | Sewer    | Reached skill level 8 in Shields
  3985 | Sewer    | Reached XP level 7. HP: 49/52 MP: 6/6
  4077 | D:4      | Bought a scroll of identify for 22 gold pieces
  4077 | D:4      | Bought a potion of lignification for 33 gold pieces
  4145 | D:4      | Found Douce's Antique Armour Boutique.
  4155 | D:4      | Reached skill level 1 in Invocations
  4175 | D:4      | HP: 1/52 [adder (4)]
  4176 | D:4      | You fall into a shaft and drop 1 floor!
  4176 | D:5      | Entered Level 5 of the Dungeon
  4197 | D:5      | HP: 2/52 [ufetubus (2)]
  4198 | D:5      | Slain by an ufetubus

Illustrated notes

Levels and vault maps discovered:
D:1:      lightli_arrival_maybe_door_vault, layout_basic, serial_shops,
          nicolae_shop_crystal, minivault_25, minmay_misc_feat_cross,
          glass_columns_c, minmay_pentomino_q2
D:2:      layout_loops_ring, minmay_divided_ellipse, uniq_crazy_yiuf_cottage
D:3:      layout_basic, nicolae_overflow_hidden_temple
D:4:      layout_cave_pools, minmay_temple_entry_statues,
          cheibrodos_sewer_entry_bend, serial_shops, nicolae_shop_stone,
          grunt_decor_resistance, nicolae_stop_n_shop_2
D:5:      layout_loops_ring, uniq_ijyb, uniq_duvessa, uniq_sigmund

Skill      XL: |  1  2  3  4  5  6  7 |
---------------+----------------------+-----
Shields        | 4 5 6 8 |  8.3
Long Blades    | 1 2 3 |  3.5
Invocations    | 2 |  2.1
Fighting       | |  3.2
Short Blades   | |  2.0
Throwing       | |  0.2
Armour         | |  3.2
Poison Magic   | |  0.1

Action                   |  1- 3 |  4- 6 |  7- 9 || total
-------------------------+-------+-------+-------++-------
Melee: Rapier            |    67 |       |       ||    67
       Dagger            |    16 |   185 |    18 ||   219
 Abil: Dig               |       |     5 |       ||     5
       Shaft Self        |       |       |     1 ||     1
Evoke: Wand              |       |       |     2 ||     2
  Use: Scroll            |       |     6 |     1 ||     7
       Potion            |       |     1 |       ||     1
 Stab: Invisible         |       |     1 |       ||     1
Armor: Scale mail        |    27 |    25 |       ||    52
       Chain mail        |       |    22 |       ||    22
       Ring mail         |       |    19 |    14 ||    33
Dodge: Dodged            |    34 |    63 |     8 ||   105
Block: Buckler           |    15 |    43 |     6 ||    64
